 Dungeon Crawl Stone Soup version 0.27-a0-1248-g57ac2eb73c (webtiles) character file.

Game seed: 2943709894377153125

133 HAL9000 the Chopper (level 4, -3/37 HPs)
             Began as a Palentonga Fighter on June 10, 2021.
             Slain by Ijyb
             ... wielding a +6 club
              (4 damage)
             ... on level 3 of the Dungeon.
             The game lasted 00:03:21 (2654 turns).

HAL9000 the Chopper (Palentonga Fighter)            Turns: 2654, Time: 00:03:22

Health: -3/37      AC:  5    Str: 19    XL:     4   Next: 94%
Magic:  4/4        EV:  5    Int:  8    God:
Gold:   82         SH:  8    Dex: 11    Spells: 3/3 levels left

rFire    . . .     SeeInvis +   a - +0 war axe
rCold    . . .     Faith    .   c - +0 kite shield
rNeg     . . .     Spirit   .   s - +2 scale mail {rPois}
rPois    +         Reflect  .   (no helmet)
rElec    .         Harm     .   p - +0 cloak
rCorr    .         Rampage  .   (no gloves)
Will     .....                  (no barding)
Stlth    ..........             (no amulet)
HPRegen  0.12/turn              h - +4 ring of slaying
MPRegen  0.09/turn              r - +4 ring of slaying

@: corroded
A: large, rugged brown scales 3, see invisible, deformed body, roll 1, armoured
tail
a: Rolling Charge


You were on level 3 of the Dungeon.
You visited 1 branch of the dungeon, and saw 3 of its levels.

You collected 82 gold pieces.

Inventory:

Hand Weapons
 a - a +0 war axe (weapon)
Armour
 c - a +0 kite shield (worn)
 i - a scarf of shadows
 p - a +0 cloak (worn)
 s - a +2 scale mail of poison resistance (worn)
Jewellery
 h - a +4 ring of slaying (left hand)
 r - a +4 ring of slaying (right hand)
Scrolls
 e - 2 scrolls of magic mapping {unknown}
 f - 3 scrolls of identify {unknown}
 k - a scroll of vulnerability {unknown}
 l - 2 scrolls of teleportation {unknown}
 n - a scroll of acquirement {unknown}
 o - a scroll of enchant weapon {unknown}
 q - a scroll of fog {unknown}
Potions
 b - a potion of heal wounds {unknown}
 d - a potion of might
 g - a potion of haste {unknown}
 j - a potion of mutation {unknown}
 m - a potion of invisibility {unknown}


   Skills:
 + Level 3.3 Fighting
 + Level 5.0 Axes
 - Level 2.4 Armour
 - Level 2.4 Shields


You had 3 spell levels left.
You didn't know any spells.
Your spell library contained the following spells:

 Spells                   Type           Power      Damage    Failure   Level
 Magic Dart               Conj           0%         1d3       99%         1
 Searing Ray              Conj           0%         3d3       100%        2
 Dazzling Flash           Conj/Hex       0%         N/A       100%        3
 Fulminant Prism          Conj/Hex       0%         3d6       100%        4
 Iskenderun's Mystic Bla  Conj/Tloc      0%         2d3       100%        4


Dungeon Overview and Level Annotations

Branches:
Dungeon (3/15)

Altars:

Shops:
D:1 [

Annotations:
D:3 Ijyb


Innate Abilities, Weirdness & Mutations

You are completely covered in rugged brown scales. (AC +3, +7% HP)
You have supernaturally acute eyesight. (SInv)
Armour fits poorly on your strangely shaped body.
You can roll at nearby foes to attack.
You have a long armoured tail.


Message History

No target in view!
There is a stone staircase leading up here.
A frilled lizard comes into view.
The frilled lizard hisses angrily.
You block the frilled lizard's attack.
You slash the frilled lizard!
You kill the frilled lizard!
No target in view!
No target in view!
You see here a frilled lizard corpse.
You open the door.
There is an open door here.
Found a robe.
No target in view!
No target in view!
Ijyb the Twisted Goblin comes into view.
She is wielding a +6 club and carrying a wand of acid (4).
Ijyb shouts!
Ijyb screams, "Me stronger than you!"
Ijyb moves out of view.
No target in view!
No target in view!
Ijyb is nearby!
You slash Ijyb!
Ijyb is moderately wounded.
Ijyb hits you with a +6 club.
You hit Ijyb.
Ijyb is heavily wounded.
Ijyb hits you with a +6 club. Ijyb barely misses you.
You slash Ijyb!
Ijyb is severely wounded.
Ijyb zaps a wand.
The bolt of acid hits you! The acid corrodes you!
You are splashed with acid!
* * * LOW HITPOINT WARNING * * *
You are too injured to fight recklessly!
You are too injured to fight recklessly!
Unknown command.
You barely miss Ijyb.
Ijyb is severely wounded.
Ijyb hits you with a +6 club.
You die...

##+# #####.####
##...###.@g.....#
##.....##.###..#.#
##.......#.# #.
#..........###[...
+.................
#.................
#.......######.##
##.....## #
##...##


You could see Ijyb.

Vanquished Creatures
  A hound (D:3)
  A centaur skeleton (D:3)
  Terence (D:3)
  A worm (D:2)
  2 dart slugs
  4 ball pythons (D:2)
  5 endoplasms
  3 giant cockroaches (D:2)
  6 goblins
  5 hobgoblins (D:2)
  A kobold (D:2)
  3 quokkas
  5 bats
  4 frilled lizards
  4 rats
46 creatures vanquished.

Notes
Turn   | Place    | Note
-------+----------+-------------------------------------------
     0 | D:1      | HAL9000 the Palentonga Fighter began the quest for the Orb.
     0 | D:1      | Reached XP level 1. HP: 19/19 MP: 1/1
   371 | D:1      | Reached XP level 2. HP: 18/25 MP: 2/2
   601 | D:1      | Found Milyegocw's Antique Armour Shoppe.
   919 | D:1      | Found a faded altar of an unknown god.
  1044 | D:2      | Reached skill level 3 in Axes
  1260 | D:2      | Reached XP level 3. HP: 31/31 MP: 3/3
  2035 | D:3      | Reached skill level 4 in Axes
  2090 | D:3      | Reached XP level 4. HP: 37/37 MP: 4/4
  2121 | D:3      | Noticed Terence
  2130 | D:3      | Killed Terence
  2134 | D:3      | Reached skill level 5 in Axes
  2648 | D:3      | Noticed Ijyb
  2653 | D:3      | HP: 1/37 [acid (17)]
  2654 | D:3      | Slain by Ijyb

Illustrated notes

Levels and vault maps discovered:
D:1:      shiori_shiawase, layout_basic, shapermc_ecumenical_altar_hornbeckon,
          serial_shops, shop, kennysheep_decorative_pillar
D:2:      minmay_general_purpose_star, layout_basic, minmay_crystal_room,
          corexii_hall_statues_l
D:3:      minmay_angry_zag, layout_loops_corners, minmay_guardbox, uniq_ijyb,
          uniq_terence

Skill      XL: |  1  2  3  4 |
---------------+-------------+-----
Axes           | 3 4 5 |  5.0
Fighting       | |  3.3
Armour         | |  2.4
Shields        | |  2.4

Action                   |  1- 3 |  4- 6 || total
-------------------------+-------+-------++-------
Melee: War axe           |    89 |    15 ||   104
       Tailslap          |    11 |     2 ||    13
Armor: Scale mail        |    39 |     4 ||    43
Dodge: Dodged            |    19 |     4 ||    23
Block: Kite shield       |    45 |     8 ||    53

Table legend: (Time is in decaauts)
 A = Elapsed time spent in this place.
 B = Non-inter-level travel time spent in this place.
 C = Inter-level travel time spent in this place.
 D = Time resting spent in this place.
 E = Time spent auto-exploring this place.
 F = Levels seen in this place.
 G = Mean time per level.
                   A        B        C        D        E       F      G
               +--------+--------+--------+--------+--------+-----+--------+
         Total |   2717 |   2645 |     72 |    413 |   1897 |   3 |  905.7 |
       Dungeon |   2717 |   2645 |     72 |    413 |   1897 |   3 |  905.7 |
               +--------+--------+--------+--------+--------+-----+--------+

Top non-repeatable levels by time:
     D:1: 1062 daAuts
     D:2: 1003 daAuts
     D:3: 651 daAuts
